 Dungeon Sprint DCSS version 0.27-a0-279-gdfb9265905 (webtiles) character file.

Game seed: 18020718607469757020

24829 mhtbhm the Executioner (level 12, -15/198 HPs)
             Began as a Minotaur Fighter on Feb 7, 2021.
             Was the Champion of Trog.
             Killed from afar by an orb of fire (83 damage)
             ... with a bolt of fire
             ... in the Dungeon (Sprint VII: "The Pits") on Feb 8, 2021.
             The game lasted 00:10:44 (3204 turns).

mhtbhm the Executioner (Minotaur Fighter)           Turns: 3204, Time: 00:10:44

Health: -15/198    AC: 15    Str: 26    XL:     12   Next: 84%
Magic:  0/0        EV: 15    Int:  8    God:    Trog [******]
Gold:   58         SH: 15    Dex: 13    Spells: 11/11 levels left

rFire    . . .     SeeInvis .   a - +7 broad axe of Bunynu {antimagic, +Fly rElec MP-9 Int+3}
rCold    . . .     Faith    .   c - +0 kite shield
rNeg     + . .     Spirit   .   b - +4 scale mail
rPois    .         Reflect  .   (helmet restricted)
rElec    +         Harm     .   (no cloak)
rCorr    .         Rampage  .   (no gloves)
Will     +....     NoTele   +   p - +0 pair of boots
Stlth    ..........             (no amulet)
HPRegen  0.43/turn              n - +3 ring of dexterity
MPRegen  0.07/turn              w - ring of positive energy

@: mighty, berserking (expiring), very quick
A: retaliatory headbutt, horns 2, strong-willed 1
a: Renounce Religion, Evoke Flight, Berserk, Trog's Hand, Brothers in Arms


You were in the Dungeon.
You worshipped Trog.
Trog was exalted by your worship.
You visited 1 branch You collected 58 gold pieces.

Inventory:

Hand Weapons
 a - the +7 broad axe of Bunynu (weapon) {antimagic, +Fly rElec MP-9 Int+3}
   (Trog gifted it to you in the Dungeon)

   It reduces the magical energy of the wielder, and disrupts the spells and
   magical abilities of those hit.
   Natural abilities and divine invocations are not affected.
   It affects your intelligence (+3).
   It insulates you from electricity.
   It affects your magic capacity (-9).
   It lets you fly.
 y - a +3 antimagic broad axe
Missiles
 q - 14 silver javelins (quivered)
Armour
 b - a +4 scale mail (worn)
 c - a +0 kite shield (worn)
 p - a +0 pair of boots (worn)
Jewellery
 n - a +3 ring of dexterity (left hand)
 o - the ring of the Twenty Demons {rN+ Str+3}
   (You found it in the Dungeon)

   [ring of positive energy]

   It affects your strength (+3).
   It protects you from negative energy.
 w - a ring of positive energy (right hand)
Scrolls
 j - 4 scrolls of blinking
 l - 6 scrolls of remove curse
 m - a scroll of summoning
 r - 4 scrolls of enchant armour
 s - a scroll of identify
Potions
 d - 2 potions of might
 e - 6 potions of curing
 f - 18 potions of heal wounds
 g - 2 potions of haste
 h - 4 potions of magic
 i - 5 potions of berserk rage
 k - 2 potions of invisibility
 t - a potion of resistance
Miscellaneous
 u - a condenser vane
 v - a tin of tremorstones (2/2)
 x - a lightning rod (4/4)


   Skills:
 + Level 19.9 Fighting
 + Level 21.5 Axes
 + Level 14.2 Armour
 + Level 9.9 Dodging
 + Level 2.9 Stealth
 + Level 17.5 Shields


You had 11 spell levels left.
You didn't know any spells.
Your spell library was empty.

Dungeon Overview and Level Annotations

Branches:
Dungeon (1/1)

Altars:
Cheibriados
Dithmenos
Elyvilon
Fedhas
Gozag
Hepliaklqana
Makhleb
Nemelex Xobeh
Okawaru
Qazlal
Ru
Sif Muna
Trog
Vehumet
Wu Jian
Xom
Yredelemnul
Zin
The Shining One
Beogh
Jiyva
Lugonu


Innate Abilities, Weirdness & Mutations

You reflexively headbutt those who attack you in melee.
You have a pair of horns on your head.
You are strong-willed. (Will+)


Message History

You are too injured to fight recklessly!
You are too injured to fight recklessly!
You are too injured to fight recklessly!
You are too injured to fight recklessly!
You are too injured to fight recklessly!
You are too injured to fight recklessly!
You are too injured to fight recklessly!
You are too injured to fight recklessly!
You are too injured to fight recklessly!
You are too injured to fight recklessly!
You are too injured to fight recklessly!
You are too injured to fight recklessly!
You are too injured to fight recklessly!
You closely miss the orb of fire.
The orb of fire is lightly damaged.
There is an open door here.
You feel a strong urge to attack something.
The orb of fire emits a lurid red light.
The bolt of fire hits you!!!!
You die...

#+# #.# #'# #*#
#'# #@# #'#
################'#
...).............#
....)............#
+##############..#
#).# #..# #.)#


You could see an orb of fire.

Vanquished Creatures
  A Tzitzimitl (D)
  A nagaraja (D)
  A fire giant (D)
  A merfolk javelineer (D)
  A hydra (D)
  A boulder beetle (D)
  A death yak (D)
  An orc high priest (D)
  A sea snake (D)
  3 deep trolls (D)
  A swamp dragon (D)
  A spriggan druid (D)
  A deep elf pyromancer (D)
  An orc knight (D)
  5 harpies (D)
  A molten gargoyle (D)
  A smoke demon (D)
  6 elephants (D)
  A cane toad (D)
  2 kobold demonologists (D)
  A rime drake (D)
  An ice devil (D)
  A red devil (D)
  A troll (D)
  4 merfolk (D)
  A hornet (D)
  2 polar bears (D)
  A tyrant leech (D)
  4 blink frogs (D)
  A snapping turtle (D)
  A tarantella (D)
  6 yaks (D)
  A wraith (D)
  A ynoxinul (D)
  A steam dragon (D)
  3 wargs (D)
  Purgy (D)
  A floating eye (D)
  4 orc warriors (D)
  A sky beast (D)
  An eye of draining (D)
  2 centaurs (D)
  A big kobold (D)
  2 small abominations (D)
  2 bullfrogs (D)
  A scorpion (D)
  A quasit (D)
  2 orc priests (D)
  An iron imp (D)
  2 orc wizards (D)
  A worker ant (D)
  A mummy (D)
  A gnoll (D)
  2 adders (D)
  A river rat (D)
  An ufetubus (D)
  An ooze (D)
  An adder zombie (D)
  2 worms (D)
  2 leopard geckos (D)
  5 orcs (D)
  A bat skeleton (D)
  2 bat zombies (D)
  A giant cockroach (D)
  2 goblins (D)
  A ball python zombie (D)
  2 bats (D)
  A bat simulacrum (D)
  A giant cockroach zombie (D)
113 creatures vanquished.

Notes
Turn   | Place    | Note
-------+----------+-------------------------------------------
     0 | D        | mhtbhm the Minotaur Fighter began the quest for the Orb.
     0 | D        | Reached XP level 1. HP: 19/19 MP: 0/0
    27 | D        | Found a bloodstained altar of Trog.
    27 | D        | Found a shimmering blue altar of Sif Muna.
    27 | D        | Found a viscous altar of Jiyva.
    27 | D        | Found a hazy altar of Hepliaklqana.
    27 | D        | Found an opulent altar of Gozag.
    28 | D        | Found a glowing golden altar of the Shining One.
    28 | D        | Found a glowing silver altar of Zin.
    28 | D        | Found a basalt altar of Yredelemnul.
    28 | D        | Found a shimmering altar of Xom.
    28 | D        | Found an ornate altar of the Wu Jian Council.
    28 | D        | Found a sacrificial altar of Ru.
    28 | D        | Found a stormy altar of Qazlal.
    28 | D        | Found an iron altar of Okawaru.
    28 | D        | Found a sparkling altar of Nemelex Xobeh.
    28 | D        | Found a burning altar of Makhleb.
    28 | D        | Found a blossoming altar of Fedhas.
    28 | D        | Found a white marble altar of Elyvilon.
    28 | D        | Found a shadowy altar of Dithmenos.
    28 | D        | Found a snail-covered altar of Cheibriados.
    30 | D        | Found a radiant altar of Vehumet.
    30 | D        | Found a corrupted altar of Lugonu.
    30 | D        | Found a roughly hewn altar of Beogh.
    32 | D        | Became a worshipper of Trog the Wrathful
    72 | D        | Reached XP level 2. HP: 28/28 MP: 1/1
    75 | D        | Reached skill level 5 in Fighting
   117 | D        | Reached * piety under Trog
   124 | D        | Reached skill level 3 in Axes
   124 | D        | Reached skill level 5 in Armour
   124 | D        | Reached skill level 5 in Shields
   131 | D        | Reached ** piety under Trog
   132 | D        | Noticed a scorpion
   135 | D        | Reached XP level 3. HP: 37/37 MP: 2/2
   138 | D        | Killed a scorpion
   139 | D        | Reached skill level 4 in Axes
   139 | D        | Reached XP level 4. HP: 31/45 MP: 3/3
   455 | D        | Noticed a centaur
   455 | D        | Noticed Purgy
   464 | D        | Reached *** piety under Trog
   465 | D        | Reached skill level 1 in Dodging
   468 | D        | Killed Purgy
   469 | D        | Reached skill level 6 in Axes
   469 | D        | Reached XP level 5. HP: 53/53 MP: 4/4
   473 | D        | Killed a centaur
   473 | D        | Reached **** piety under Trog
   474 | D        | Reached skill level 7 in Axes
   474 | D        | Reached XP level 6. HP: 62/62 MP: 5/5
   521 | D        | Noticed a troll
   526 | D        | Killed a troll
   526 | D        | Reached ***** piety under Trog
   527 | D        | Reached skill level 8 in Axes
   527 | D        | Reached skill level 10 in Shields
   527 | D        | Reached XP level 7. HP: 70/70 MP: 6/6
   575 | D        | Paralysed by a floating eye for 2 turns
   577 | D        | Noticed a boulder beetle
   577 | D        | Noticed a deep troll
   580 | D        | Reached skill level 9 in Axes
   580 | D        | Reached skill level 10 in Armour
   584 | D        | Received a gift from Trog
   586 | D        | Killed a deep troll
   587 | D        | Reached skill level 10 in Fighting
   587 | D        | Reached skill level 10 in Axes
   587 | D        | Reached XP level 8. HP: 52/81 MP: 7/7
   589 | D        | Reached skill level 5 in Dodging
   603 | D        | Reached skill level 11 in Axes
  1142 | D        | Noticed a kobold demonologist
  1142 | D        | Noticed a snapping turtle
  1156 | D        | Killed a kobold demonologist
  1166 | D        | Killed a snapping turtle
  1170 | D        | Killed a boulder beetle
  1171 | D        | Reached skill level 13 in Axes
  1171 | D        | Reached XP level 9. HP: 42/90 MP: 8/8
  1401 | D        | Noticed a death yak
  1406 | D        | Received a gift from Trog
  1407 | D        | Killed a death yak
  1408 | D        | Reached skill level 1 in Stealth
  1570 | D        | Noticed an orc high priest
  1583 | D        | Reached skill level 14 in Axes
  1586 | D        | Received a gift from Trog
  1587 | D        | Killed an orc high priest
  1588 | D        | Reached XP level 10. HP: 102/102 MP: 9/9
  1588 | D        | Reached ****** piety under Trog
  1661 | D        | Noticed a deep elf pyromancer
  1666 | D        | Killed a deep elf pyromancer
  1666 | D        | Received a gift from Trog
  1667 | D        | Reached skill level 15 in Axes
  1736 | D        | Noticed a molten gargoyle
  1745 | D        | Killed a molten gargoyle
  1843 | D        | Noticed an orc knight
  1849 | D        | Received a gift from Trog
  1855 | D        | Reached skill level 16 in Axes
  1858 | D        | Killed an orc knight
  1887 | D        | Noticed a smoke demon
  1896 | D        | Killed a smoke demon
  1915 | D        | Received a gift from Trog
  1916 | D        | Reached skill level 15 in Fighting
  2077 | D        | Noticed a sea snake
  2083 | D        | Killed a sea snake
  2084 | D        | Reached skill level 17 in Axes
  2084 | D        | Reached XP level 11. HP: 112/112 MP: 10/10
  2127 | D        | Noticed a harpy
  2127 | D        | Noticed a harpy
  2127 | D        | Noticed a harpy
  2127 | D        | Noticed a harpy
  2127 | D        | Noticed a harpy
  2133 | D        | Killed a harpy
  2134 | D        | Reached skill level 15 in Shields
  2135 | D        | Killed a harpy
  2137 | D        | Killed a harpy
  2138 | D        | Killed a harpy
  2139 | D        | Reached skill level 18 in Axes
  2139 | D        | Killed a harpy
  2139 | D        | Received a gift from Trog
  2226 | D        | Received a gift from Trog
  2228 | D        | Reached skill level 19 in Axes
  2239 | D        | Got a dazzling broad axe {god gift}
  2240 | D        | Identified the +7 broad axe of Bunynu {antimagic, +Fly
                  | rElec MP-9 Int+3} (Trog gifted it to you in the Dungeon)
  2271 | D        | Noticed a five-headed hydra
  2278 | D        | Killed a nine-headed hydra
  2424 | D        | Noticed a merfolk javelineer
  2427 | D        | Noticed a deep troll
  2428 | D        | Noticed a deep troll
  2439 | D        | Received a gift from Trog
  2440 | D        | Killed a merfolk javelineer
  2442 | D        | Noticed a swamp dragon
  2444 | D        | Killed a deep troll
  2445 | D        | Reached skill level 20 in Axes
  2445 | D        | Reached XP level 12. HP: 127/127 MP: 0/11
  2448 | D        | Received a gift from Trog
  2461 | D        | Received a gift from Trog
  2923 | D        | Noticed a fire giant
  2924 | D        | Found the +7 mace of Variability {chain chaos}
  2929 | D        | Killed a fire giant
  2934 | D        | Received a gift from Trog
  2942 | D        | Reached skill level 21 in Axes
  2943 | D        | Got the ring of the Twenty Demons {rN+ Str+3}
  3036 | D        | Noticed a Tzitzimitl
  3051 | D        | Killed a Tzitzimitl
  3051 | D        | Received a gift from Trog
  3085 | D        | Noticed a nagaraja
  3097 | D        | Killed a nagaraja
  3194 | D        | Noticed an orb of fire
  3199 | D        | Gained mutation: You are strong-willed. (Will+) [an orb of
                  | fire]
  3204 | D        | Killed from afar by an orb of fire

Illustrated notes

Levels and vault maps discovered:
D:        pitsprint [storerooms_1, entrance_room_1, metal_vault_5, armoury_2,
          mini_pit_1, grid_room_1, main_hall_1, silver_pit, the_coven_1,
          the_vestibule_1, steel_vault_2, golden_pit, hallway_of_sentries,
          crystal_vault_4, iron_vault_1, final_vault]

Skill      XL: |  1  2  3  4  5  6  7  8  9 10 11 12 |
---------------+-------------------------------------+-----
Fighting       | 4 5 6 8 9 10 12 13 15 17 19 | 19.9
Armour         | 4 5 6 7 8 9 10 11 12 13 14 | 14.2
Shields        | 4 5 6 8 10 11 13 14 16 17 | 17.5
Axes           | 3 4 6 7 8 10 13 14 17 20 21 | 21.5
Dodging        | 2 3 4 6 7 8 9 |  9.9
Stealth        | 1 2 |  2.9

Action                   |  1- 3 |  4- 6 |  7- 9 | 10-12 || total
-------------------------+-------+-------+-------+-------++-------
Melee: Hand axe          |    22 |    27 |    37 |     5 ||    91
       War axe           |     2 |       |    26 |       ||    28
       Headbutt          |     2 |     2 |    16 |    40 ||    60
       Broad axe         |       |       |       |   173 ||   173
Invok: Berserk           |     1 |     2 |     4 |    11 ||    18
  Use: Potion            |       |     1 |       |     2 ||     3
Armor: Scale mail        |    12 |       |     2 |    43 ||    57
       Chain mail        |       |    12 |     9 |       ||    21
Dodge: Dodged            |     8 |     7 |    10 |    85 ||   110
Block: Kite shield       |    13 |    23 |    27 |    96 ||   159

Table legend: (Time is in decaauts)
 A = Elapsed time spent in this place.
 B = Non-inter-level travel time spent in this place.
 C = Inter-level travel time spent in this place.
 D = Time resting spent in this place.
 E = Time spent auto-exploring this place.
 F = Levels seen in this place.
 G = Mean time per level.
                   A        B        C        D        E       F      G
               +--------+--------+--------+--------+--------+-----+--------+
         Total |   3294 |   3294 |      0 |   1830 |    273 |   1 | 3294.0 |
       Dungeon |   3294 |   3294 |      0 |   1830 |    273 |   1 | 3294.0 |
               +--------+--------+--------+--------+--------+-----+--------+

Top non-repeatable levels by time:
       D: 3294 daAuts
